Map: Ascension to Aiur LE

Players

Azas

  • Race: Protoss Protoss
  • League: Grandmaster
  • Spawn Location: 5:00

Railgan - Winner!

  • Race: Zerg Zerg
  • League: Grandmaster
  • Spawn Location: 11:00

VOD

https://www.youtube.com/watch?v=GmaYe9bFFR4

Description

Time

  • Played on: Oct. 21, 2017, 8:59 a.m.
  • Length: 11:01
Show
View Real Time Build Order
Export as new Build Order

Azas Protoss 

Build Orders: Nexus First, Oracle Opening 

Get SALT Encoding   

  12  0:00  Probe (Chrono Boost)  
  13  0:11  Probe (Chrono Boost)  
  14  0:17  Pylon  
  14  0:22  Probe (Chrono Boost)  
  15  0:35  Probe (Chrono Boost)  
  16  0:46  Probe (Chrono Boost)  
  17  0:59  Nexus  
  17  1:10  Gateway  
  17  1:18  Probe (Chrono Boost)  
  18  1:22  Assimilator  
  18  1:24  Assimilator  
  18  1:28  Probe (Chrono Boost)  
  19  1:39  Probe (Chrono Boost)  
  20  1:40  Pylon  
  20  1:50  Probe (Chrono Boost)  
  21  1:58  Cybernetics Core  
  21  2:00  Probe (Chrono Boost)  
  22  2:04  Zealot  
  24  2:11  Probe (Chrono Boost)  
  24  2:12  Probe (Chrono Boost)  
  26  2:21  Probe (Chrono Boost)  
  27  2:25  Probe (Chrono Boost)  
  27  2:29  Forge  
  28  2:32  Probe (Chrono Boost)  
  28  2:36  Probe (Chrono Boost)  
  30  2:43  Stargate  
  30  2:46  Probe (Chrono Boost)  
  30  2:48  Probe (Chrono Boost)  
  32  2:53  Protoss Air Weapons Level 1  
  32  2:57  Probe (Chrono Boost)  
  33  3:00  Probe (Chrono Boost)  
  34  3:07  Probe (Chrono Boost)  
  34  3:11  Mothership Core (Chrono Boost)  
  37  3:21  Probe (Chrono Boost)  
  37  3:25  Photon Cannon  
  38  3:27  Oracle (Chrono Boost)  
  38  3:28  Probe (Chrono Boost)  
  38  3:31  Probe  
  43  3:41  Probe  
  44  3:51  Probe  
  45  4:00  Nexus  
  45  4:02  Pylon  
  45  4:04  Probe  
  45  4:07  Assimilator  
  45  4:09  Assimilator  
  46  4:17  Pylon  
  46  4:19  Probe  
  46  4:20  Probe  
  46  4:21  Void Ray (Chrono Boost)  
  52  4:29  Probe  
  53  4:32  Probe  
  54  4:40  Probe  
  54  4:41  Fleet Beacon  
  54  4:44  Photon Cannon  
  55  4:47  Stargate  
  55  4:51  Probe  
  56  4:59  Photon Cannon  
  56  5:04  Probe  
  56  5:06  Probe  
  58  5:11  Probe, Stargate  
  59  5:19  Probe  
  59  5:21  Probe  
  64  5:29  Probe  
  64  5:32  Photon Cannon  
  64  5:33  Probe  
  64  5:34  Probe  
  67  5:43  Pylon  
  73  5:52  Probe x2, Pylon  
  75  5:59  Photon Cannon  
  75  6:00  Photon Cannon  
  75  6:02  Assimilator  
  78  6:12  Phoenix (Chrono Boost)  
  78  6:13  Carrier (Chrono Boost)  
  78  6:15  Photon Cannon  
  78  6:20  Photon Cannon  
  78  6:23  Photon Cannon  
  72  6:28  Probe  
  56  6:38  Probe  
  59  6:52  Pylon  
  58  6:55  Probe  
  58  6:56  Probe x2  
  61  7:05  Probe  
  62  7:10  Pylon  
  62  7:11  Assimilator  
  62  7:14  Phoenix (Chrono Boost)  
  62  7:15  Probe  
  63  7:16  Probe  
  63  7:17  Phoenix (Chrono Boost)  
  63  7:19  Pylon  
  64  7:24  Pylon  
  64  7:31  Void Ray (Chrono Boost)  
  64  7:34  Probe x2  
  64  7:36  Probe  
  77  7:54  Void Ray (Chrono Boost)  
  77  7:55  Void Ray (Chrono Boost)  
  77  7:56  Probe x2  
  81  7:59  Probe  
  82  8:08  Probe  
  82  8:12  Probe  
  84  8:13  Probe, Photon Cannon  
  84  8:14  Photon Cannon  
  85  8:20  Probe  
  85  8:26  Carrier (Chrono Boost)  
  92  8:31  Graviton Catapult  
  92  8:34  Probe x2  
  92  8:35  Probe  
  87  8:56  Carrier (Chrono Boost)  
  87  9:09  Photon Cannon  
  87  9:13  Carrier (Chrono Boost)  
  87  9:16  Photon Cannon  
  93  9:25  Probe x2  
  92  9:38  Probe x3  
  93  9:39  Pylon  
  93  9:42  Carrier (Chrono Boost)  
  93  9:43  Photon Cannon  
  94  10:03  Pylon  
  94  10:05  Pylon  
  94  10:14  Nexus  
Show
View Real Time Build Order
Export as new Build Order

Railgan Zerg - Winner!

Build Orders: Hatch First 

Get SALT Encoding   

  12  0:01  Drone  
  13  0:12  Overlord  
  13  0:17  Drone  
  14  0:31  Drone x2  
  14  0:34  Drone  
  17  0:51  Hatchery  
  17  0:55  Drone  
  17  0:58  Drone  
  18  1:10  Extractor  
  17  1:13  Drone  
  18  1:19  Drone  
  18  1:21  Spawning Pool  
  18  1:28  Drone  
  19  1:42  Drone  
  20  1:49  Overlord  
  20  2:01  Drone  
  21  2:04  Drone  
  21  2:08  Queen x2  
  24  2:10  Metabolic Boost  
  24  2:12  Drone  
  24  2:14  Zergling x2  
  28  2:21  Drone  
  29  2:24  Overlord  
  29  2:34  Drone  
  30  2:38  Zergling x2  
  31  2:44  Drone  
  31  2:47  Queen  
  31  2:49  Lair  
  34  2:54  Drone  
  34  2:55  Drone  
  36  2:58  Drone  
  37  3:06  Drone  
  38  3:14  Drone  
  38  3:18  Overlord  
  39  3:21  Drone x4  
  39  3:23  Drone, Extractor  
  39  3:24  Extractor  
  39  3:26  Overlord  
  42  3:36  Overlord  
  42  3:41  Zergling x4  
  45  3:48  Drone x4  
  45  3:49  Drone  
  45  3:54  Drone  
  45  3:55  Drone x2  
  51  4:01  Spire, Extractor  
  49  4:03  Spore Crawler  
  49  4:04  Spore Crawler  
  49  4:05  Zergling x2  
  48  4:10  Drone  
  48  4:11  Drone x2  
  51  4:24  Overlord  
  52  4:34  Overlord x2  
  52  4:38  Hatchery  
  52  4:40  Drone  
  52  4:44  Drone x2  
  52  4:45  Drone x2  
  55  5:14  Mutalisk x7  
  69  5:21  Mutalisk  
  69  5:26  Evolution Chamber  
  69  5:27  Drone  
  71  5:30  Hydralisk Den  
  70  5:38  Zergling x18  
  79  5:55  Zerg Missile Weapons Level 1  
  79  5:56  Drone x4  
  83  6:01  Drone  
  83  6:02  Drone  
  83  6:03  Muscular Augments  
  84  6:17  Drone x4  
  84  6:18  Drone x3  
  90  6:24  Hydralisk  
  90  6:25  Hydralisk  
  92  6:30  Hydralisk  
  92  6:32  Overlord  
  96  6:33  Overlord  
  95  6:40  Overlord  
  91  6:48  Hydralisk x3  
  96  6:54  Hydralisk  
  96  6:55  Overseer  
  96  6:57  Drone  
  96  6:58  Extractor  
  96  6:59  Extractor  
  96  7:00  Drone  
  96  7:01  Drone x5  
  101  7:06  Drone  
  101  7:07  Drone  
  102  7:13  Overseer  
  102  7:15  Drone  
  103  7:20  Hydralisk  
  103  7:21  Hydralisk  
  107  7:26  Hatchery  
  107  7:28  Hatchery  
  105  7:31  Hydralisk x2  
  105  7:32  Hydralisk x2  
  105  7:33  Drone  
  105  7:36  Hydralisk  
  116  7:39  Drone  
  116  7:43  Evolution Chamber  
  114  7:45  Hydralisk  
  114  7:46  Hydralisk x3  
  114  7:48  Hydralisk  
  114  7:55  Hydralisk  
  114  7:56  Hydralisk x5  
  120  8:04  Pneumatized Carapace  
  120  8:09  Hydralisk  
  120  8:10  Overlord  
  122  8:16  Overlord  
  122  8:17  Overlord x2  
  122  8:18  Overlord  
  122  8:22  Overlord, Zerg Missile Weapons Level 2  
  122  8:24  Zerg Ground Armor Level 1  
  122  8:29  Zergling x8  
  122  8:30  Hydralisk x2  
  122  8:32  Overlord  
  122  8:48  Hydralisk x2  
  122  8:49  Hydralisk x4  
  122  8:53  Hydralisk x2  
  130  8:57  Hydralisk  
  130  8:58  Hydralisk  
  134  9:04  Hydralisk  
  134  9:07  Overseer x2  
  134  9:08  Drone  
  134  9:09  Drone x4  
  141  9:14  Hydralisk, Drone  
  144  9:18  Hydralisk x2  
  146  9:29  Hydralisk x4  
  152  9:33  Hydralisk  
  152  9:37  Drone x4  
  158  9:38  Drone  
  159  9:47  Hydralisk x3  
  159  9:49  Zergling x4  
  159  9:50  Infestation Pit  
  166  9:56  Hydralisk  
  166  9:57  Hydralisk x2  
  172  10:00  Hydralisk  
  172  10:02  Zergling x2  
  172  10:06  Zergling x4  
  177  10:09  Hydralisk x2  
  181  10:20  Overlord  
  181  10:22  Overlord  
  181  10:26  Extractor x2  
  179  10:34  Hydralisk  
  181  10:35  Overlord  
  181  10:36  Overlord  
Tags
 
Add a new tag
Caveats
  • Supply blocks, unpowered buildings, or Contaminate may cause inaccurate times.
  • Supply counts are checked every 10 seconds.